 Dungeon Crawl Stone Soup version 0.23.2-33-g5129a83184 (webtiles) character file.

Game seed: 7016457243908975513

884 AarnesTheHuman the Cudgeler (level 7, -1/71 HPs)
             Began as a Troll Berserker on July 15, 2019.
             Was a Priest of Trog.
             Slain by Duvessa
             ... wielding a +0 short sword
              (8 damage)
             ... on level 5 of the Dungeon.
             The game lasted 00:26:29 (3829 turns).

AarnesTheHuman the Cudgeler (Troll Berserker)       Turns: 3829, Time: 00:26:30

Health: -1/71      AC:  7    Str: 28    XL:     7   Next: 76%
Magic:  6/6        EV: 11    Int:  3    God:    Trog [***...]
Gold:   27         SH:  0    Dex:  9    Spells: 6/6 levels left

rFire    + . .     SeeInvis .   u - +1 hand axe (elec)
rCold    . . .     Gourm    +   (no shield)
rNeg     . . .     Faith    .   b - +0 animal skin
rPois    .         Spirit   .   (helmet restricted)
rElec    .         Reflect  .   m - +0 cloak
rCorr    .         Harm     .   (gloves unavailable)
MR       .....                  (boots unavailable)
Stlth    ++........             l - amulet of the gourmand
HPRegen  0.61/turn              n - ring of stealth
MPRegen  0.10/turn              q - ring of protection from fire

@: no status effects
A: large, unfitting armour, claws 3, fast metabolism 3, gourmand, regeneration
1, shaggy fur 1, tough skin 3
a: Berserk, Trog's Hand, Renounce Religion


You were on level 5 of the Dungeon.
You worshipped Trog.
Trog was most pleased with you.
You were very full.

You visited 2 branches of the dungeon, and saw 7 of its levels.

You collected 235 gold pieces.
You spent 208 gold pieces at shops.

Inventory:

Hand Weapons
 a - a +1 mace
 i - a +3 trident of piercing
 u - a +1 hand axe of electrocution (weapon)
Armour
 b - a +0 animal skin (worn)
 m - a +0 cloak (worn)
Jewellery
 l - an amulet of the gourmand (around neck)
 n - a ring of stealth (left claw)
 q - a ring of protection from fire (right claw)
Wands
 r - a wand of iceblast (8)
Scrolls
 s - 2 scrolls of teleportation
 v - 2 scrolls of blinking
Potions
 d - a potion of mutation
 e - a potion of agility
 g - 2 potions of curing
 h - a potion of flight
 j - a potion of invisibility
 k - a potion of cancellation
 o - 3 potions of brilliance
Comestibles
 c - 8 rations


   Skills:
 + Level 4.9 Fighting
 + Level 5.3 Maces & Flails
 + Level 4.9 Dodging


You had 6 spell levels left.
You didn't know any spells.
Your spell library contained the following spells:

 Spells                   Type           Power        Failure   Level  Hunger
 Flame Tongue             Conj/Fire      #....        52%         1    ##.....
 Throw Flame              Conj/Fire      #.....       67%         2    ###....
 Conjure Flame            Conj/Fire      #.......     88%         3    ####...
 Inner Flame              Hex/Fire       #.......     88%         3    ####...
 Sticky Flame             Conj/Fire      #.......     99%         4    #####..
 Fireball                 Conj/Fire      #.........   100%        5    ######.


Dungeon Overview and Level Annotations

Branches:
Dungeon (6/15)             Temple (1/1) D:5

Altars:
Ashenzari
Cheibriados
Dithmenos
Elyvilon
Fedhas
Gozag
Hepliaklqana
Kikubaaqudgha
Makhleb
Nemelex Xobeh
Okawaru
Qazlal
Ru
Sif Muna
Trog
Uskayaw
Vehumet
Wu Jian
Xom
Yredelemnul
Zin
The Shining One

Shops:
D:5 ?

Annotations:
D:5 Duvessa
D:6 Prince Ribbit, Sigmund


Innate Abilities, Weirdness & Mutations

You are too large for most types of armour.
You have claws for hands.
Your metabolism is lightning-fast.
You like to eat raw meat.
Your natural rate of healing is unusually fast.
You are covered in fur. (AC +1)
You have extremely tough skin. (AC +3)


Message History

Duvessa goes berserk!
Duvessa hits you with a +0 short sword! x2
You hit Duvessa.
Duvessa is heavily wounded.
Duvessa hits you with a +0 short sword. Duvessa completely misses you.
You closely miss Duvessa.
Duvessa is heavily wounded.
Duvessa hits you with a +0 short sword. x2
You completely miss Duvessa.
Duvessa is heavily wounded.
Duvessa hits you with a +0 short sword!
* * * LOW HITPOINT WARNING * * *
You closely miss Duvessa.
Duvessa is heavily wounded.
Duvessa hits you but does no damage. Duvessa barely misses you.
You closely miss Duvessa.
Duvessa is heavily wounded.
Duvessa hits you with a +0 short sword!
* * * LOW HITPOINT WARNING * * *
Duvessa hits you with a +0 short sword!
You die...

.#............# #.# #.#
...........)..# #.# #.#
##.#.####.##.## ###.# #.# #.#)#
#.##.# #...###.# ##.#.#
#.##.##### #.#.....# ...#.#
#........# #.#.##### ...#.#
####[###.# #.#.# ...#.# #.# #e#
#.#.# ...#.#######.# #@# #.#.#
...#..=......# #)# #.#.#
################.# #.#.#
#......)...# #.#.#
##.########## #.#.#
######.)<###########.#.#
#....................รท.#######
.>####...########............#
..# ##.## #.##.#.#.###.#


You could see Duvessa (berserk).

Vanquished Creatures
  Grinder (D:5)
  A sky beast (D:5)
  A phantom (D:4)
  Blork the orc (D:5)
  Dowan (D:5)
  A howler monkey (D:5)
  An orc wizard (D:3)
  An orc priest (D:4)
  2 iguanas
  Ijyb (D:4)
  2 worker ants
  A worker ant zombie (D:5)
  7 adders
  4 worms
  A dart slug (D:1)
  3 leopard geckos
  19 orcs
  6 giant cockroaches
  7 goblins
  5 hobgoblins
  A ball python (D:2)
  3 bats
  7 frilled lizards
  A jackal skeleton (D:4)
  5 kobolds
  A leopard gecko skeleton (D:4)
  2 rats (D:3)
86 creatures vanquished.

Notes
Turn   | Place    | Note
-------+----------+-------------------------------------------
     0 | D:1      | AarnesTheHuman the Troll Berserker began the quest for the
                  | Orb.
     0 | D:1      | Reached XP level 1. HP: 22/22 MP: 0/0
   203 | D:1      | Reached XP level 2. HP: 7/29 MP: 1/1
   317 | D:1      | Reached skill level 3 in Maces & Flails
   916 | D:2      | Reached XP level 3. HP: 30/36 MP: 2/2
  1126 | D:2      | Reached ** piety under Trog
  1398 | D:2      | Reached XP level 4. HP: 45/45 MP: 3/3
  1770 | D:3      | Reached XP level 5. HP: 50/53 MP: 4/4
  1915 | D:4      | Noticed a phantom
  2061 | D:4      | Killed a phantom
  2061 | D:4      | Reached skill level 4 in Maces & Flails
  2109 | D:4      | Found a hide-covered altar of Uskayaw.
  2122 | D:4      | Reached XP level 6. HP: 51/62 MP: 5/5
  2387 | D:4      | You fall through a shaft for 2 floors!
  2394 | D:6      | Noticed Prince Ribbit
  2420 | D:5      | Entered Level 5 of the Dungeon
  2429 | D:5      | Found a staircase to the Ecumenical Temple.
  2895 | D:4      | Found a shadowy altar of Dithmenos.
  2904 | D:4      | Found a sacrificial altar of Ru.
  2908 | D:4      | Found a sparkling altar of Nemelex Xobeh.
  2989 | D:5      | Noticed Blork the orc
  2998 | D:5      | Killed Blork the orc
  3062 | D:5      | Noticed Grinder
  3062 | D:5      | Paralysed by Grinder for 7 turns
  3079 | D:5      | Paralysed by Grinder for 3 turns
  3086 | D:5      | Killed Grinder
  3086 | D:5      | Reached XP level 7. HP: 22/71 MP: 6/6
  3179 | D:5      | Reached skill level 5 in Maces & Flails
  3285 | D:5      | Found Merux's Magic Scroll Shop.
  3296 | D:5      | Noticed Ijyb
  3308 | D:6      | Noticed Duvessa
  3308 | D:6      | Noticed Dowan
  3324 | D:4      | Killed Ijyb
  3347 | D:5      | Reached *** piety under Trog
  3370 | D:5      | Bought a scroll of identify for 22 gold pieces
  3370 | D:5      | Bought a scroll of identify for 22 gold pieces
  3397 | D:5      | Bought a scroll of blinking for 82 gold pieces
  3397 | D:5      | Bought a scroll of blinking for 82 gold pieces
  3622 | Temple   | Entered the Ecumenical Temple
  3818 | D:6      | Noticed Sigmund
  3824 | D:5      | Killed Dowan
  3829 | D:5      | Slain by Duvessa

Skill      XL: |  1  2  3  4  5  6  7 |
---------------+----------------------+-----
Maces & Flails | 3 4 5 |  5.3
Dodging        | 3 4 |  4.9
Fighting       | 3 4 |  4.9

Action                   |  1- 3 |  4- 6 |  7- 9 || total
-------------------------+-------+-------+-------++-------
Melee: Mace              |   118 |   191 |    30 ||   339
       Hand axe          |       |       |    27 ||    27
Invok: Berserk           |       |     1 |       ||     1
  Use: Scroll            |     3 |    10 |     4 ||    17
  Eat: Chunk             |    18 |    14 |    10 ||    42
Armor: Animal skin       |    47 |    40 |    18 ||   105
Dodge: Dodged            |    65 |    94 |    35 ||   194
